 Dungeon Crawl Stone Soup version 0.27.1-33-g824d729ab1 (webtiles) character file.

Game seed: 14615063256422815959

95 raph the Slasher (level 4, 0/34 (36) HPs)
             Began as a Draconian Warper on Dec 26, 2021.
             Succumbed to Crazy Yiuf's poison
             ... on level 3 of the Dungeon.
             The game lasted 00:03:30 (3098 turns).

raph the Slasher (Draconian Warper)                 Turns: 3098, Time: 00:03:30

HP:   0/34 (36)     AC:  9    Str: 13    XL:     4   Next: 39%
MP:   5/7           EV: 12    Int: 14    God:
Gold: 40            SH:  0    Dex: 11    Spells: 2/7 levels left

rFire    . . .     SeeInvis .   a - +1 falchion
rCold    . . .     Faith    .   (no shield)
rNeg     . . .     Spirit   .   (armour unavailable)
rPois    .         Reflect  .   (helmet restricted)
rElec    .         Harm     .   (no cloak)
rCorr    .         Rampage  .   (no gloves)
Will     .....                  (no boots)
Stlth    +.........             (no amulet)
HPRegen  0.11/turn              f - +4 ring of protection
MPRegen  0.10/turn              (no ring)

@: lethally poisoned (0 -> -6), drained
A: AC +5, unfitting armour, cold-blooded
a: no special abilities


You were on level 3 of the Dungeon.
You visited 1 branch of the dungeon, and saw 4 of its levels.

You collected 40 gold pieces.

Inventory:

Hand Weapons
 a - a +1 falchion (weapon)
Missiles
 c - 5 boomerangs of dispersal (quivered)
 g - 11 boomerangs
 h - a throwing net
Jewellery
 f - a +4 ring of protection (left hand)
 m - a +4 ring of evasion
Scrolls
 b - a scroll of blinking
 d - a scroll of teleportation
 i - 2 scrolls of enchant armour
Potions
 j - a potion of curing {unknown}
 k - a potion of brilliance {unknown}
 l - a potion of might {unknown}


   Skills:
 - Level 2.1 Fighting
 + Level 4.7 Long Blades
 - Level 0.8 Throwing
 - Level 2.1 Dodging
 - Level 2.0 Spellcasting
 - Level 3.0 Translocations


You had 2 spell levels left.
You knew the following spells:

 Your Spells              Type           Power      Damage    Failure   Level
a - Blink                 Tloc           N/A        N/A       11%         2
b - Gell's Gravitas       Tloc           4%         N/A       21%         3

Your spell library contained the following spells:

 Spells                   Type           Power      Damage    Failure   Level
 Sublimation of Blood     Necr           0%         N/A       34%         2
 Lesser Beckoning         Tloc           4%         N/A       21%         3
 Teleport Other           Tloc           9%         N/A       21%         3
 Ignite Poison            Fire/Tmut/Pois 1%         N/A       56%         3
 Mephitic Cloud           Conj/Pois/Air  1%         N/A       56%         3
 Manifold Assault         Tloc           9%         N/A       88%         5
 Petrify                  Tmut/Erth      1%         N/A       93%         4
 Bolt of Magma            Conj/Fire/Erth 0%         4d4       100%        5
 Irradiate                Conj/Tmut      0%         3d13      100%        5


Dungeon Overview and Level Annotations

Branches:
Dungeon (4/15)
 Temple: D:4-7

Altars:

Annotations:
D:3 Crazy Yiuf


Innate Abilities, Weirdness & Mutations

Your plain brown scales are hard. (AC +5)
You cannot fit into any form of body armour.
You are cold-blooded and may be slowed by cold attacks.


Message History

No target in view!
No target in view!
There is a stone staircase leading down here.
Found a mace.
Found a runed translucent door.
Okay, then.
Okay, then.
You open the door.
Crazy Yiuf shouts!
Crazy Yiuf yells, "Fire poople unthinkable!"
You hit Crazy Yiuf but do no damage.
Your tail-slap misses Crazy Yiuf.
Crazy Yiuf waves his quarterstaff at you.
Crazy Yiuf hits you with a +2 quarterstaff of chaos!
You feel yourself slow down. Crazy Yiuf freezes you.
You hit Crazy Yiuf.
Crazy Yiuf is lightly wounded.
Crazy Yiuf hits you with a +2 quarterstaff of chaos.
You feel drained.
You barely miss Crazy Yiuf.
Crazy Yiuf is lightly wounded.
You feel yourself speed up. Crazy Yiuf hits you but does no damage.
You feel drained.
Crazy Yiuf grits, "Walk agre action!"
Crazy Yiuf hits you with a +2 quarterstaff of chaos!
Crazy Yiuf burns you.
You hit Crazy Yiuf but do no damage.
Crazy Yiuf is lightly wounded.
Crazy Yiuf hits you with a +2 quarterstaff of chaos!
* * * LOW HITPOINT WARNING * * *
You are lethally poisoned!
* * * LOW HITPOINT WARNING * * *
You feel very sick.
Casting: Gell's Gravitas (quite dangerous; 21% risk of failure)
Confirm with . or Enter, or press ? or * to list all spells.
You blink.
* * * LOW HITPOINT WARNING * * *
You feel sick.
* * * LOW HITPOINT WARNING * * *
You feel sick.
It was a potion of cancellation.
You feel magically purged.
You die...

### #.. #.########
#.#....@.# .
#.#.####.#
.#########.#.##...#
............>#...g#
....####.####...§##
.....###.# #....#
......##.# ♣....♣
...<#.##.# ♣...♣♣
.........# ♣♣.♣♣


You could see Crazy Yiuf.

Vanquished Creatures
  Ijyb (D:4)
  2 adders
  5 orcs (D:3)
  3 endoplasms
  A giant cockroach (D:3)
  4 goblins
  3 hobgoblins (D:1)
  5 kobolds
  4 quokkas
  5 ball pythons
  4 bats (D:1)
  6 rats
43 creatures vanquished.

Notes
Turn   | Place    | Note
-------+----------+-------------------------------------------
     0 | D:1      | raph the Draconian Warper began the quest for the Orb.
     0 | D:1      | Reached XP level 1. HP: 17/17 MP: 3/3
   315 | D:1      | Reached XP level 2. HP: 22/24 MP: 5/5
   618 | D:1      | Reached skill level 3 in Long Blades
  1083 | D:1      | Found a faded altar of an unknown god.
  1281 | D:2      | Reached XP level 3. HP: 10/29 MP: 6/6
  1493 | D:2      | Learned a level 2 spell: Blink
  2256 | D:3      | Reached skill level 4 in Long Blades
  2352 | D:3      | Noticed Ijyb
  2359 | D:3      | Learned a level 3 spell: Gell's Gravitas
  2361 | D:3      | Paralysed by Ijyb for 6 turns
  2516 | D:3      | Paralysed by Ijyb for 4 turns
  2524 | D:3      | Paralysed by Ijyb for 6 turns
  2538 | D:4      | Killed Ijyb
  2539 | D:4      | Reached XP level 4. HP: 12/36 MP: 5/7
  3077 | D:3      | Found a runed translucent door.
  3078 | D:3      | Noticed Crazy Yiuf
  3097 | D:3      | HP: 1/34 [poisoned by Crazy Yiuf]
  3098 | D:3      | Succumbed to Crazy Yiuf's poison

Illustrated notes

Levels and vault maps discovered:
D:1:      roderic_crossed_star, layout_basic,
          dilly_ecumenical_altar_fadedgnrine, serial_bayou_pond_e
D:2:      layout_basic
D:3:      layout_basic, uniq_crazy_yiuf_cottage, uniq_ijyb
D:4:      layout_basic, uniq_purgy, uniq_eustachio

Skill      XL: |  1  2  3 |
---------------+----------+-----
Long Blades    | 3 4 |  4.7
Fighting       | |  2.1
Throwing       | |  0.8
Dodging        | |  2.1
Spellcasting   | |  2.0
Translocations | |  3.0

Action                   |  1- 3 |  4- 6 || total
-------------------------+-------+-------++-------
Melee: Falchion          |   114 |    16 ||   130
       Tailslap          |    16 |       ||    16
 Cast: Gell's Gravitas   |     2 |       ||     2
       Blink             |       |     1 ||     1
  Use: Scroll            |     5 |       ||     5
       Potion            |       |     1 ||     1
Armor: Skin              |    34 |     9 ||    43
Dodge: Dodged            |    73 |     7 ||    80
       Rpst.: Falchion   |    25 |     3 ||    28
